 Dungeon Crawl Stone Soup version 0.30-a0-373-gd37427bb62 (webtiles) character file.

Game seed: 13152469657106849491

1330 bande the Chopper (level 8, -5/49 HPs)
             Began as a Gargoyle Fighter on Nov 24, 2022.
             Slain by a troll (7 damage)
             ... on level 5 of the Dungeon.
             The game lasted 00:09:28 (5041 turns).

bande the Chopper (Gargoyle Fighter)                Turns: 5041, Time: 00:09:29

Health: -5/49      AC: 20    Str: 19    XL:     8   Next: 60%
Magic:  8/8        EV:  5    Int: 10    God:
Gold:   364        SH:  5    Dex: 11    Spells: 7/7 levels left

rFire   . . .      SeeInvis .    a - +1 war axe
rCold   . . .      Faith    .    c - +0 buckler
rNeg    + + .      Spirit   .    o - +0 plate armour
rPois   ∞          Reflect  .    (no helmet)
rElec   +          Harm     .    (no cloak)
rCorr   .          Rampage  .    (no gloves)
Will    .....                    e - +1 pair of boots
Stlth   ..........               (no amulet)
HPRegen 0.28/turn                m - ring of positive energy
MPRegen 0.11/turn                (no ring)

@: no status effects
A: sickness immunity, AC +5, negative energy resistance 1, electricity
resistance, torment resistance 1, petrification resistance
a: no special abilities


You were on level 5 of the Dungeon.
You visited 2 branches of the dungeon, and saw 6 of its levels.
You also visited: Ossuary.

You collected 364 gold pieces.

Inventory:

Hand Weapons
 a - a +1 war axe (weapon)
Armour
 c - a +0 buckler (worn)
 e - a +1 pair of boots (worn)
 o - a +0 plate armour (worn)
Jewellery
 m - a ring of positive energy (left hand)
Wands
 g - a wand of roots (6)
Scrolls
 f - a scroll of fear
 i - 3 scrolls of fog
 k - a scroll of magic mapping
 l - 2 scrolls of amnesia
 p - a scroll of blinking
 s - 3 scrolls of summoning
 t - a scroll of teleportation
 v - a scroll of enchant armour
Potions
 d - 2 potions of might
 h - a potion of cancellation
 j - a potion of resistance
 n - a potion of curing
 q - a potion of brilliance
 r - a potion of magic
 u - a potion of mutation
 w - a potion of flight {unknown}


   Skills:
 + Level 5.2 Fighting
 + Level 6.5 Axes
 + Level 5.3 Armour
 - Level 0.1 Stealth
 + Level 4.5 Shields
 * Level 3.7 Evocations


You had 7 spell levels left.
You didn't know any spells.
Your spell library contained the following spells:

 Spells                   Type           Power      Damage    Failure   Level
 Apportation              Tloc           0%         N/A       100%        1
 Beastly Appendage        Tmut           0%         N/A       100%        1
 Necrotise                Necr           0%         1d4       100%        1
 Sandblast                Erth           0%         2d4       100%        1
 Summon Small Mammal      Summ           0%         N/A       100%        1
 Ensorcelled Hibernation  Hex/Ice        0%         N/A       100%        2
 Passwall                 Tmut/Erth      0%         N/A       100%        2
 Wereblood                Tmut           0%         N/A       100%        2
 Call Canine Familiar     Summ           0%         N/A       100%        3
 Spider Form              Tmut/Pois      0%         N/A       100%        3
 Stone Arrow              Conj/Erth      0%         3d7       100%        3
 Summon Guardian Golem    Hex/Summ       0%         N/A       100%        3
 Vhi's Electric Charge    Tloc/Air       0%         N/A       100%        3
 Anguish                  Hex/Necr       0%         N/A       100%        4
 Arcjolt                  Conj/Air       0%         1d10      100%        5
 Maxwell's Capacitive Co  Air            0%         ∞         100%        8


Dungeon Overview and Level Annotations

Branches:
Dungeon (5/15)             Temple (1/1) D:5         Ossuary (visited)

Altars:
Ashenzari
Cheibriados
Dithmenos
Elyvilon
Fedhas
Gozag
Hepliaklqana
Kikubaaqudgha
Nemelex Xobeh
Qazlal
Ru
Sif Muna
Trog
Uskayaw
Vehumet
Wu Jian
Xom
Zin
The Shining One

Annotations:
D:5 2 transporters, jfcaron's ghost, novice GnRe


Innate Abilities, Weirdness & Mutations

You are immune to sickness and miasma.
Your stone body is resilient. (AC +5)
You are immune to poison.
You resist negative energy. (rN+)
You are resistant to electric shocks. (rElec)
You are resistant to unholy torment.
You are immune to petrification.


Message History

The troll bites you. The troll claws you but does no damage.
The troll claws you!
You barely miss the troll. You block the troll's attack. The troll claws you!
The troll barely misses you.
You barely miss the troll. You block the troll's attack.
The troll claws you but does no damage. The troll completely misses you.
You hit the troll but do no damage. The troll bites you. The troll claws you.
You block the troll's attack.
You are too injured to fight recklessly!
You are too injured to fight recklessly!
You are too injured to fight recklessly!
You are too injured to fight recklessly!
You are too injured to fight recklessly!
You are too injured to fight recklessly!
You are too injured to fight recklessly!
You are too injured to fight recklessly!
You closely miss the troll. You block the troll's attack. The troll claws you!
* * * LOW HITPOINT WARNING * * *
The troll claws you but does no damage. The troll bites you but does no damage.
The troll barely misses you. The troll claws you but does no damage.
You slash the troll!
The troll is lightly wounded.
The troll bites you.
* * * LOW HITPOINT WARNING * * *
You block the troll's attack. The troll claws you but does no damage.
You closely miss the troll.
The troll is lightly wounded.
The troll bites you!
* * * LOW HITPOINT WARNING * * *
The troll closely misses you. The troll claws you but does no damage.
You hit the troll but do no damage.
The troll is lightly wounded.
The troll closely misses you.
The troll claws you but does no damage. x2
You slash the troll!
The troll is heavily wounded.
The troll bites you but does no damage. The troll barely misses you.
You block the troll's attack. The troll bites you.
* * * LOW HITPOINT WARNING * * *
The troll claws you but does no damage. The troll claws you!
You die...

#........# ..# #♣. ♣♣~♣♣ ♣♣#.
.#.......# .## ♣ ♣♣♣~~.♣♣♣♣♣.
##.......# # ##♣~♣♣P~~.P♣♣P♣.
.#.....(.# #. .....~~~~~.~.~..
#........# #. $#P~.PP~~~♣♣~.♣#
##.#...#######.##.#♣♣♣♣♣.~♣♣♣♣♣♣
...#.... ....... ♣~†♣♣ ####.###
#.T)# ♣♣~~♣ #@######♣♣.♣♣
#.#...>.♣♣.~♣ #.#.####...##
#.#.# #....# #.#.# ####.# #.#.#
#.# #####.#.#######.###
#.................#
#....?............#


You could see a troll.

Vanquished Creatures
  Duvessa (D:4)
  2 phantoms
  A necrophage (D:5)
  A scorpion (D:4)
  2 water moccasin zombies (Ossuary)
  A wight (Ossuary)
  Dowan (D:4)
  7 centaur zombies (Ossuary)
  2 hounds (D:5)
  A jelly (D:5)
  3 iguanas
  A scorpion zombie (Ossuary)
  Natasha (thrice) (D:4)
  An orc wizard (D:4)
  3 adders
  A white imp (D:5)
  2 adder zombies (Ossuary)
  4 worms
  4 dart slugs
  5 orcs (D:4)
  2 endoplasms (D:1)
  10 giant cockroaches
  4 gnoll zombies (Ossuary)
  8 goblins
  3 hobgoblins (D:4)
  8 jackals
  14 kobolds
  3 quokkas
  4 ball pythons
  2 bats (D:1)
  3 frilled lizards
  6 goblin zombies (Ossuary)
  4 hobgoblin zombies (Ossuary)
  2 orc zombies (Ossuary)
  5 rats
124 creatures vanquished.

Vanquished Creatures (collateral kills)
  A black bear (D:5)
1 creature vanquished.

Vanquished Creatures (others)
  9 plants (D:5)
9 creatures vanquished.

Grand Total: 134 creatures vanquished

Notes
Turn   | Place    | Note
-------+----------+-------------------------------------------
     0 | D:1      | bande the Gargoyle Fighter began the quest for the Orb.
     0 | D:1      | Reached XP level 1. HP: 14/14 MP: 1/1
   484 | D:1      | Reached skill level 2 in Axes
   484 | D:1      | Reached XP level 2. HP: 19/19 MP: 2/2
  1019 | D:2      | Reached XP level 3. HP: 23/23 MP: 3/3
  1597 | D:2      | Reached XP level 4. HP: 28/28 MP: 4/4
  1602 | D:2      | You fall into a shaft and drop 2 floors!
  1696 | D:4      | Noticed a scorpion
  1707 | D:4      | Killed a scorpion
  1708 | D:4      | Reached skill level 3 in Axes
  1708 | D:4      | Reached skill level 1 in Evocations
  1708 | D:4      | Reached XP level 5. HP: 28/33 MP: 5/5
  1745 | D:4      | Found a sand-covered staircase.
  1751 | Ossuary  | Entered an ossuary
  1822 | Ossuary  | Reached skill level 4 in Axes
  1822 | Ossuary  | Reached XP level 6. HP: 33/38 MP: 6/6
  1906 | Ossuary  | Reached XP level 7. HP: 27/43 MP: 7/7
  2004 | Ossuary  | Reached skill level 5 in Axes
  2004 | Ossuary  | Noticed a silent spectre
  2556 | D:3      | Found a hide-covered altar of Uskayaw.
  2609 | D:3      | Found a stormy altar of Qazlal.
  2612 | D:3      | Found a shimmering blue altar of Sif Muna.
  2620 | D:3      | Found a blossoming altar of Fedhas.
  2666 | D:3      | Found a faded altar of an unknown god.
  3256 | D:4      | Noticed Duvessa
  3256 | D:4      | Noticed Dowan
  3260 | D:4      | Noticed Natasha
  3278 | D:4      | Killed Duvessa
  3281 | D:4      | Killed Natasha
  3283 | D:4      | Killed Dowan
  3614 | D:4      | Reached XP level 8. HP: 46/48 MP: 8/8
  3848 | D:4      | Noticed Natasha
  3854 | D:4      | Killed Natasha
  4029 | D:4      | Noticed Natasha
  4038 | D:4      | Killed Natasha
  4039 | D:4      | Reached skill level 6 in Axes
  4068 | D:5      | Entered Level 5 of the Dungeon
  4073 | D:5      | Found a transporter.
  4105 | D:5      | Reached skill level 5 in Fighting
  4201 | D:5      | Reached skill level 5 in Armour
  4574 | D:5      | Found a glowing golden altar of the Shining One.
  4764 | D:5      | Found a transporter.
  4767 | D:5      | Noticed jfcaron's ghost (novice GnRe)
  4770 | D:5      | Found a staircase to the Ecumenical Temple.
  4780 | Temple   | Entered the Ecumenical Temple
  5032 | D:5      | Noticed a troll
  5041 | D:5      | HP: 2/49 [troll (3)]
  5041 | D:5      | Slain by a troll

Illustrated notes

Levels and vault maps discovered:
D:1:      roderic_octagonal_star, layout_basic, minmay_door_square,
          minmay_tripent
D:2:      layout_loops_corners, chequers_serial_rivers_micro_c
D:3:      minmay_roachtagon, layout_basic,
          grunt_temple_overflow_forces_of_nature, amcnicky_altar_gilded,
          general_overflow_altar, shapermc_ecumenical_altar_mp_highgroup
D:4:      layout_basic, nicolae_ossuary_entry_plus, uniq_natasha, uniq_duvessa
D:5:      layout_loops_ring, lemuel_coloured_pillars_altar,
          minmay_temple_entry_gardened_gates, gammafunk_ghost_mausoleum,
          serial_bayou, serial_bayou_pond_d, serial_bayou_crossing,
          serial_bayou_shore_b, serial_bayou_ford_a
Temple:   eino_temple_water

Skill      XL: |  1  2  3  4  5  6  7  8 |
---------------+-------------------------+-----
Axes           | 2 3 4 5 6 |  6.5
Evocations     | 1 2 3 |  3.7
Armour         | 4 5 |  5.3
Fighting       | 4 5 |  5.2
Shields        | 4 |  4.5
Stealth        | |  0.1

Action                   |  1- 3 |  4- 6 |  7- 9 || total
-------------------------+-------+-------+-------++-------
Melee: War axe           |   116 |    79 |   246 ||   441
  Use: Scroll            |     6 |     1 |    17 ||    24
       Potion            |       |       |     3 ||     3
Armor: Scale mail        |    69 |   100 |    31 ||   200
       Plate armour      |       |       |   174 ||   174
Dodge: Dodged            |    49 |    69 |    77 ||   195
Block: Buckler           |    25 |    37 |    56 ||   118

Table legend: (Time is in decaauts)
 A = Elapsed time spent in this place.
 B = Non-inter-level travel time spent in this place.
 C = Inter-level travel time spent in this place.
 D = Time resting spent in this place.
 E = Time spent auto-exploring this place.
 F = Levels seen in this place.
 G = Mean time per level.
                   A        B        C        D        E       F      G
               +--------+--------+--------+--------+--------+-----+--------+
         Total |   5194 |   5064 |    130 |    419 |   3288 |   7 |  742.0 |
       Dungeon |   4658 |   4528 |    130 |    368 |   3026 |   5 |  931.6 |
        Temple |    208 |    208 |      0 |      0 |    166 |   1 |  208.0 |
       Ossuary |    327 |    327 |      0 |     51 |     96 |   1 |  327.0 |
               +--------+--------+--------+--------+--------+-----+--------+

Top non-repeatable levels by time:
     D:4: 1201 daAuts
     D:2: 976 daAuts
     D:1: 892 daAuts
     D:3: 795 daAuts
     D:5: 792 daAuts
 Ossuary: 327 daAuts
  Temple: 208 daAuts
